 Dungeon Crawl Stone Soup version 0.28.0 (webtiles) character file.

Game seed: 1813777820490648505

711 Crownlay the Chopper (level 7, -1/61 HPs)
             Began as a Hill Orc Fighter on Feb 12, 2022.
             Was a Follower of Okawaru.
             Slain by an orc warrior (16 damage)
             ... on level 5 of the Dungeon.
             The game lasted 00:05:33 (4665 turns).

Crownlay the Chopper (Hill Orc Fighter)             Turns: 4665, Time: 00:05:33

Health: -1/61      AC: 14    Str: 21    XL:     7   Next: 68%
Magic:  9/9        EV:  6    Int:  8    God:    Okawaru [*.....]
Gold:   305        SH:  4    Dex: 10    Spells: 6/6 levels left

rFire   + . .      SeeInvis .   a - +0 war axe
rCold   + . .      Faith    .   c - +0 buckler
rNeg    . . .      Spirit   .   i - +2 plate armour
rPois   .          Reflect  .   (no helmet)
rElec   .          Harm     .   p - scarf {rC+ rF+}
rCorr   .          Rampage  .   (no gloves)
Will    .....                   (no boots)
Stlth   ..........              (no amulet)
HPRegen 0.20/turn               (no ring)
MPRegen 0.11/turn               (no ring)

@: mighty
A: no striking features
a: Renounce Religion, Heroism


You were on level 5 of the Dungeon.
You worshipped Okawaru.
Okawaru was aware of your devotion.
You visited 2 branches of the dungeon, and saw 7 of its levels.

You collected 305 gold pieces.

Inventory:

Hand Weapons
 a - a +0 war axe (weapon)
 n - a +2 halberd of flaming
Missiles
 m - 5 boomerangs (quivered)
Armour
 c - a +0 buckler (worn)
 i - a +2 plate armour (worn)
 p - a scarf of resistance (worn)
Wands
 w - a wand of flame (35)
Scrolls
 b - a scroll of enchant weapon {unknown}
 j - 2 scrolls of magic mapping
 l - a scroll of acquirement {unknown}
 o - a scroll of identify
 q - a scroll of torment {unknown}
 r - a scroll of brand weapon {unknown}
Potions
 e - a potion of mutation {unknown}
 f - a potion of attraction {unknown}
 g - 2 potions of brilliance
 k - 2 potions of resistance
 s - a potion of heal wounds {unknown}
 t - 2 potions of invisibility
 u - a potion of curing
 v - a potion of degeneration {unknown}


   Skills:
 + Level 5.3 Fighting
 * Level 7.8 Axes
 + Level 4.8 Armour
 - Level 4.2 Shields
 + Level 3.2 Invocations


You had 6 spell levels left.
You didn't know any spells.
Your spell library contained the following spells:

 Spells                   Type           Power      Damage    Failure   Level
 Apportation              Tloc           0%         N/A       100%        1
 Static Discharge         Conj/Air       0%         N/A       100%        2
 Confusing Touch          Hex            0%         N/A       100%        3
 Dispel Undead            Necr           0%         3d6       100%        4
 Sticky Flame             Conj/Fire      0%         2d3       100%        4
 Yara's Violent Unravell  Hex/Tmut       0%         3d3       100%        5
 Enfeeble                 Hex            0%         N/A       100%        7
 Animate Skeleton         Necr           Unusable   N/A       N/A         1
 Summon Small Mammal      Summ           Unusable   N/A       N/A         1

Dungeon Overview and Level Annotations

Branches:
Dungeon (6/15)             Temple (1/1) D:4

Altars:
Elyvilon
Fedhas
Kikubaaqudgha
Makhleb
Nemelex Xobeh
Okawaru
Ru
Trog
The Shining One
Lugonu


Message History

You are too injured to fight recklessly!
You are too injured to fight recklessly!
You are too injured to fight recklessly!
You are too injured to fight recklessly!
You are too injured to fight recklessly!
You are too injured to fight recklessly!
You block the orc warrior's attack.
There is a stone staircase leading up here.
The orc hits you but does no damage.
The orc warrior hits you but does no damage.
You climb upwards.
There is a stone staircase leading down here.
You are too injured to fight recklessly!
You barely miss the orc.
The orc is severely wounded.
You closely miss the orc warrior. The orc barely misses you.
The orc warrior hits you with a +0 glaive.
You hit the orc warrior.
The orc warrior is moderately wounded.
You slash the orc!
You kill the orc!
Okawaru accepts your kill. You block the orc warrior's attack.
You hit the orc warrior.
The orc warrior is moderately wounded.
The orc warrior hits you with a +0 glaive!
* * * LOW HITPOINT WARNING * * *
You hit the orc warrior but do no damage.
The orc warrior is moderately wounded.
The orc warrior hits you with a +0 glaive.
* * * LOW HITPOINT WARNING * * *
You feel very mighty all of a sudden. The orc warrior barely misses you.
You barely miss the orc warrior.
The orc warrior is moderately wounded.
The orc warrior closely misses you. The orc warrior barely misses you.
You slash the orc warrior!
The orc warrior is almost dead.
The orc warrior hits you with a +0 glaive!
You die...

........######......#
....................#
....................##########
.............................#
............รท.(..............#
..............######.........#
......#########....#.......<.#
......'..(.....o...#.........#
......#........)@..+.........#
......#......#####'#.........#
###'###......##....#.<.......#
.....##########....#.........#
.....+.......#.....#.........#
.....#.......'.....+.........#
.....#.......#######.........#
.##..####....##....#.........#
.##..####....##....#.........#


You could see an orc warrior.

Vanquished Creatures
  A sky beast (D:5)
  An ogre (D:5)
  A kobold brigand (D:6)
  2 howler monkeys (D:5)
  A hound (D:6)
  4 iguanas
  An orc wizard (D:3)
  2 hound skeletons (D:4)
  4 gnolls (D:3)
  5 adders
  An adder skeleton (D:4)
  4 dart slugs
  11 orcs
  10 ball pythons
  7 bats
  7 endoplasms
  6 giant cockroaches
  3 goblins
  5 hobgoblins
  13 jackals
  4 quokkas
  2 frilled lizards
  8 kobolds
  6 rats
109 creatures vanquished.

Vanquished Creatures (others)
  A plant (D:5)
  7 withered plants (D:5)
8 creatures vanquished.

Grand Total: 117 creatures vanquished

Notes
Turn   | Place    | Note
-------+----------+-------------------------------------------
     0 | D:1      | Crownlay the Hill Orc Fighter began the quest for the Orb.
     0 | D:1      | Reached XP level 1. HP: 19/19 MP: 1/1
    36 | D:1      | Reached skill level 3 in Axes
    71 | D:1      | Reached XP level 2. HP: 22/26 MP: 2/2
    74 | D:1      | Reached skill level 4 in Axes
   304 | D:1      | Reached XP level 3. HP: 31/31 MP: 3/3
   710 | D:2      | Reached skill level 5 in Axes
   836 | D:2      | Reached XP level 4. HP: 40/40 MP: 4/4
  1048 | D:2      | Found a faded altar of an unknown god.
  1224 | D:3      | Reached XP level 5. HP: 12/46 MP: 5/5
  2456 | D:4      | Reached skill level 6 in Axes
  2533 | D:4      | Found a staircase to the Ecumenical Temple.
  2545 | Temple   | Entered the Ecumenical Temple
  2559 | Temple   | Became a worshipper of Warmaster Okawaru
  2818 | D:4      | Reached XP level 6. HP: 50/53 MP: 6/6
  2928 | D:4      | Reached skill level 1 in Invocations
  3474 | D:5      | Entered Level 5 of the Dungeon
  3641 | D:5      | Reached * piety under Okawaru
  3902 | D:5      | Reached skill level 7 in Axes
  3902 | D:5      | Reached XP level 7. HP: 57/60 MP: 8/8
  4007 | D:5      | Reached skill level 5 in Fighting
  4036 | D:5      | Found an ancient bone altar of Kikubaaqudgha.
  4036 | D:5      | Found a blossoming altar of Fedhas.
  4665 | D:5      | Slain by an orc warrior

Illustrated notes

Levels and vault maps discovered:
D:1:      lightli_arrival_isolated_outpost, layout_rooms
D:2:      minmay_skewed_foursquare, layout_rooms,
          hellmonk_ecumenical_altar_lost_god
D:3:      layout_basic
D:4:      layout_basic, minmay_temple_entry_ruins, serial_park_tiny_2
D:5:      layout_gridville, grunt_temple_overflow_growth_and_decay
D:6:      layout_rooms
Temple:   corrupted_temple

Skill      XL: |  1  2  3  4  5  6  7 |
---------------+----------------------+-----
Axes           | 3 4 5 6 7 |  7.8
Fighting       | 4 5 |  5.3
Shields        | 4 |  4.2
Armour         | 4 |  4.8
Invocations    | 2 3 |  3.2

Action                   |  1- 3 |  4- 6 |  7- 9 || total
-------------------------+-------+-------+-------++-------
Melee: War axe           |    73 |   195 |    61 ||   329
Throw: Boomerang         |       |    16 |     2 ||    18
  Use: Scroll            |       |     2 |     4 ||     6
       Potion            |       |       |     2 ||     2
Armor: Scale mail        |    22 |       |       ||    22
       Plate armour      |    19 |   141 |    39 ||   199
Dodge: Dodged            |    29 |    40 |    23 ||    92
Block: Buckler           |    18 |    45 |    12 ||    75
